[Event "Late-Titled-Tuesday-Blitz-June-04-2024"]
[Site "Chess.com"]
[Date "2024.06.04"]
[Round "9"]
[White "mostafa_sakha"]
[Black "xakevicius91"]
[Result "0-1"]
[WhiteElo "2401"]
[BlackElo "2563"]
[TimeControl "180+1"]
[EndTime "15:42:35 PDT"]
[Termination "xakevicius91 won on time"]

1. d4 Nf6 2. c4 e6 3. Nc3 Bb4 4.
e3 O-O 5. Bd3 c5 6. Nf3 Bxc3+ 7.
bxc3 d6 8. O-O Nc6 9. e4 e5 10. Bg5 h6 11. Bh4 Bg4 12. d5 Nb8 13. h3 Bh5 14. g4 Bg6 15. Ne1 Nbd7 16. Ng2 Qa5 17. Qc2 Bh7 18. Ne3 g5 19. Bg3 Rae8 20. f3 Kg7 21. h4 Ng8 22. Kg2 Qd8 23. Rh1 Bg6 24. Rh2 f6 25. Rah1 b6 26. Be1 Kf7 27. Qf2 Ke7 28. Bd2 Nb8 29. a4 Qc7 30. hxg5 fxg5 31.
Rxh6 Nxh6 32. Rxh6 Rf6 33. Nf5+ Bxf5 34. Bxg5 Nd7 35.
gxf5 Rg8 36. Qh4 Ke8 37. Rxf6 Nxf6 38. Kf2 Nh7 39. f4 exf4 40. Bxf4 Qg7 41. Bg3 Nf6 42.
Kf3 Kd7 43. Qf4 Ne8 0-1

[Event "Late-Titled-Tuesday-Blitz-June-04-2024"]
[Site "Chess.com"]
[Date "2024.06.04"]
[Round "9"]
[White "betta2004"]
[Black "AsaHoffmann"]
[Result "1-0"]
[WhiteElo "2530"]
[BlackElo "2268"]
[TimeControl "180+1"]
[EndTime "15:42:36 PDT"]
[Termination "betta2004 won by resignation"]

1. Nf3 d6 2. b3 e5 3. e3 Nf6 4.
Bb2 Nc6 5. d4 e4 6. Nfd2 d5 7.
c4 Be6 8. Nc3 Bb4 9. a3 Bxc3 10.
Bxc3 O-O 11. Qc2 Re8 12. Be2 a6 13. O-O-O Qd7 14. h3 h6 15. g4 Ne7 16. Rdg1 c6 17.
f3 Ng6 18. fxe4 Nxe4 19. Nxe4 dxe4 20. h4 b5 21. h5 Nf8 22. g5 hxg5 23. Rxg5 Nh7 24.
Rg2 f6 25. Rhg1 Re7 26. h6 g5 27. Qxe4 Bf5 28. Qf3 Rae8 29. Rf2 Rxe3 30. Qxf5 Qxf5 31. Rxf5 Rxc3+ 32. Kd2 Rxb3 33. cxb5 Rb2+ 34. Kc3 Rbxe2 35. bxc6 Rc8 36. d5 Ree8 37. Kd4 Kf7 38. Rb1 Kg6 39. Rf2 g4 40. Rb7 Ng5 41. Rf4 g3 42. h7 Nxh7 43. Rg4+ Ng5 44. Rxg3 Re4+ 45. Kc5 Re2 46. c7 Kf5 47.
Rxg5+ fxg5 48. d6 Rd2 49. Rb8 Rc2+ 50. Kb6 Rb2+ 51. Ka7 Rbxb8 52. cxb8=Q Rxb8 53. Kxb8 g4 54. d7 g3 55. d8=Q g2 56. Qd1 Kf4 57. Qg1 Kf3 58.
Kb7 a5 59. Kb6 a4 60. Kb5 Kg3 61. Kxa4 Kf3 62. Kb5 Kg3 63. a4 Kf3 64. a5 Kg3 65. a6 1-0

[Event "Late-Titled-Tuesday-Blitz-June-04-2024"]
[Site "Chess.com"]
[Date "2024.06.04"]
[Round "9"]
[White "nitpicker"]
[Black "Attacker_2006"]
[Result "0-1"]
[WhiteElo "2315"]
[BlackElo "2503"]
[TimeControl "180+1"]
[EndTime "15:42:37 PDT"]
[Termination "Attacker_2006 won on time"]

1. d4 d5 2. c4 e6 3. Nf3 Nf6 4. g3 Nbd7 5. Qc2 Bb4+ 6. Bd2 Bxd2+ 7. Nbxd2 c6 8. Bg2 O-O 9. O-O Qc7 10. Rfd1 b6 11.
e4 Bb7 12. cxd5 exd5 13. e5 Ne8 14. Ng5 g6 15. e6 fxe6 16. Nxe6 Qd6 17. Nxf8 Qxf8 18.
Qd3 Nd6 19. Re1 Nf6 20. Rac1 a5 21. Qf3 Nf5 22. Qf4 Nh5 23. Qe5 Nf6 24. h3 Re8 25. Qc7 Rxe1+ 26. Rxe1 Ba6 27. Qxb6 Bd3 28. Qxc6 Nxd4 29. Bxd5+ Kh8 30. Qc5 Qxc5 0-1

[Event "Late-Titled-Tuesday-Blitz-June-04-2024"]
[Site "Chess.com"]
[Date "2024.06.04"]
[Round "9"]
[White "1g60-1"]
[Black "N_I_Chess"]
[Result "1-0"]
[WhiteElo "2446"]
[BlackElo "2291"]
[TimeControl "180+1"]
[EndTime "15:42:37 PDT"]
[Termination "1g60-1 won on time"]

1. e4 Nf6 2. e5 Nd5 3. Nc3 Nb6 4.
Nf3 d5 5. d4 Bf5 6. Be3 h6 7.
Be2 e6 8. O-O N8d7 9. Nd2 c5 10.
Nf3 Rc8 11. Nb5 a6 12. Na3 Be7 13. c3 O-O 14. Nb1 f6 15. exf6 Bxf6 16. dxc5 Nxc5 17.
Nd4 Be5 18. Nxf5 Rxf5 19. Bg4 Rf6 20. Nd2 Qe7 21. Nf3 Bd6 22. Re1 Rcf8 23. b4 Ncd7 24. Bd4 e5 25. Bxb6 Nxb6 26. a4 e4 27. a5 Qf7 28. axb6 exf3 29. Bxf3 Rf5 30. Ra5 Rd8 31.
Qd4 Bb8 32. c4 Kh8 33. Rxd5 Rfxd5 34. Bxd5 Qd7 35. Qe3 Qd6 36. g3 Qxb4 37. Qe7 1-0

[Event "Late-Titled-Tuesday-Blitz-June-04-2024"]
[Site "Chess.com"]
[Date "2024.06.04"]
[Round "9"]
[White "Chaubunagungamaug1"]
[Black "NovakRatko"]
[Result "1-0"]
[WhiteElo "2460"]
[BlackElo "2299"]
[TimeControl "180+1"]
[EndTime "15:42:40 PDT"]
[Termination "Chaubunagungamaug1 won on time"]

1. d4 d5 2. c4 c5 3. cxd5 Qxd5 4. Nf3 cxd4 5. Nc3 Qa5 6. Nxd4 e5 7. Nb5 a6 8. Nd6+ Bxd6 9. Qxd6 Nc6 10. e4 Qb4 11. Qd1 Be6 12. Bd3 Rd8 13. Qf3 Nge7 14. O-O O-O 15. a3 Qa5 16. Bg5 Nd4 17. Qg3 f6 18. Be3 Nf3+ 19. Qxf3 Rxd3 20. Qe2 Rfd8 21. Nd5 R3xd5 22.
exd5 Bxd5 23. Rfd1 Rc8 24. b4 Qa4 25. Bc5 1-0

[Event "Late-Titled-Tuesday-Blitz-June-04-2024"]
[Site "Chess.com"]
[Date "2024.06.04"]
[Round "9"]
[White "malti"]
[Black "Timurist"]
[Result "0-1"]
[WhiteElo "2146"]
[BlackElo "2347"]
[TimeControl "180+1"]
[EndTime "15:42:41 PDT"]
[Termination "Timurist won by resignation"]

1. e4 c5 2. Nf3 Nc6 3. d4 cxd4 4.
Nxd4 g6 5. Nc3 Bg7 6. Be3 Nf6 7.
Bc4 Qa5 8. O-O O-O 9. Bb3 d6 10.
h3 Bd7 11. Re1 Nxd4 12. Bxd4 Bc6 13. Qd3 Rfe8 14. Rad1 Rac8 15. Nd5 Bxd5 16. exd5 Nd7 17. Bxg7 Kxg7 18. c3 Kg8 19. Qd4 Qc5 20. Ba4 Qxd4 21. Rxd4 Rc7 22. Bxd7 Rxd7 23. Rc4 e6 24. f3 Rde7 25.
dxe6 fxe6 26. Kf2 Kf7 27. Rf4+ Kg7 28. Rd4 Rd7 29. Rf4 g5 30. Ra4 a6 31. h4 h6 32.
hxg5 hxg5 33. Ree4 e5 34. Rg4 Kf6 35. g3 Kf5 36.
Ke3 d5 37. Rgb4 d4+ 38. Kd2 dxc3+ 39. Kxc3 Red8 40. g4+ Kf6 41. Rb6+ Kf7 42. Rab4 Rd3+ 43. Kc2 Rd2+ 44. Kb3 R8d3+ 45. Ka4 Rxf3 46. Rxb7+ Kg6 47. R4b6+ Rf6 48. Ka5 e4 49. Rxf6+ Kxf6 50. Rb6+ Ke5 51.
Kxa6 Rd6 52. Rxd6 Kxd6 53. Kb5 e3 0-1

[Event "Late-Titled-Tuesday-Blitz-June-04-2024"]
[Site "Chess.com"]
[Date "2024.06.04"]
[Round "9"]
[White "aghasiyevkamal"]
[Black "VladimirBugayev"]
[Result "1-0"]
[WhiteElo "2622"]
[BlackElo "2348"]
[TimeControl "180+1"]
[EndTime "15:42:42 PDT"]
[Termination "aghasiyevkamal won by checkmate"]

1. e4 c6 2. d4 d5 3. Nc3 dxe4 4. Nxe4 Nf6 5. Nxf6+ exf6 6. c3 Bd6 7. Bd3 O-O 8. Qc2 Re8+ 9. Ne2 h5 10. h3 Nd7 11.
O-O h4 12. Bf4 Nf8 13. Bxd6 Qxd6 14. Rae1 Be6 15. b3 b5 16. Qd2 Ng6 17. Bxg6 fxg6 18. Nf4 Bf7 19. Re3 Rxe3 20. fxe3 a5 21. Nd3 a4 22.
Nc5 axb3 23. axb3 g5 24. e4 Qg3 25. d5 cxd5 26. exd5 Rd8 27. c4 g4 28. hxg4 h3 29. Qf2 h2+ 30. Kh1 Qd6 31. Ne4 Qe5 32. Qf4 Qb2 33.
Kxh2 Qxb3 34. Nxf6+ gxf6 35. Qxf6 Rd7 36. Qg5+ Kf8 37.
Qh6+ Kg8 38. Rf5 Qc2 39. Rg5+ Bg6 40. Rxg6+ Kf7 41. Rg7+ Ke8 42. Qh8# 1-0

[Event "Late-Titled-Tuesday-Blitz-June-04-2024"]
[Site "Chess.com"]
[Date "2024.06.04"]
[Round "9"]
[White "Navyblue1"]
[Black "urano56"]
[Result "0-1"]
[WhiteElo "2193"]
[BlackElo "2435"]
[TimeControl "180+1"]
[EndTime "15:42:44 PDT"]
[Termination "urano56 won on time"]

1. d4 d5 2. c4 e6 3. Nc3 c6 4.
Nf3 Nf6 5. Bg5 Nbd7 6. e3 Be7 7.
Qc2 O-O 8. Rd1 a6 9. c5 b6 10.
cxb6 Qxb6 11. Bd3 Rb8 12. Rb1 c5 13. Bxh7+ Kh8 14. dxc5 Qxc5 15. Bd3 e5 16. Bf5 d4 17.
exd4 exd4 18. Ne2 Qa5+ 19. Bd2 Bb4 20. O-O Bxd2 21. Nxd2 Ne5 22. Nxd4 Bxf5 23. Nxf5 Rbc8 24. Qd1 Rcd8 25. Re1 Rxd2 26. Qb3 Neg4 27. Qh3+ Nh6 28. Nxh6 gxh6 29. Qxh6+ Nh7 30. Re3 Qd5 31. Rf1 Rg8 32. g3 Rd1 33. Re7 Rxf1+ 34. Kxf1 Qxa2 35. Qd2 Qc4+ 36. Kg1 Rc8 0-1

[Event "Late-Titled-Tuesday-Blitz-June-04-2024"]
[Site "Chess.com"]
[Date "2024.06.04"]
[Round "9"]
[White "AldokhinIvan"]
[Black "Romkachess"]
[Result "1-0"]
[WhiteElo "2657"]
[BlackElo "2527"]
[TimeControl "180+1"]
[EndTime "15:42:46 PDT"]
[Termination "AldokhinIvan won by resignation"]

1. e4 c5 2. Nf3 d6 3. d4 cxd4 4. Nxd4 Nf6 5. Nc3 a6 6. Bg5 e6 7.
Qd2 Be7 8. h4 Qc7 9. Be2 Nbd7 10.
f4 b5 11. Bf3 Bb7 12. a3 h6 13. O-O-O hxg5 14. hxg5 Rxh1 15. Rxh1 Ng8 16. g6 Nh6 17. g4 e5 18. Nf5 Nxf5 19. Rh8+ Nf8 20. gxf7+ Kxf7 21.
gxf5 Bf6 22. Bh5+ Ke7 23. Nd5+ Bxd5 24. Qxd5 g6 25. fxg6 Bxh8 26. Qf7+ Kd8 27. Qxf8+ Kd7 28. Bg4+ Kc6 29. Qxa8+ Kb6 30. Qxh8 Qc4 31. Qd8+ Ka7 32. Qd7+ Kb6 33. Qxd6+ Ka5 34. Qxe5 Qb4 35. axb4+ Ka4 36.
c3 a5 37. b3+ Kxb3 38. Qd5+ Ka3 39. Qc5 a4 40. c4 Kb3 41. Qxb5 a3 42. Qd5 a2 43. c5+ Ka3 44. Qxa2+ Kxa2 45. b5 Kb3 46. b6 Kb4 47. c6 1-0

[Event "Late-Titled-Tuesday-Blitz-June-04-2024"]
[Site "Chess.com"]
[Date "2024.06.04"]
[Round "9"]
[White "fly_21"]
[Black "picturesquecheck"]
[Result "1-0"]
[WhiteElo "2605"]
[BlackElo "2455"]
[TimeControl "180+1"]
[EndTime "15:42:46 PDT"]
[Termination "fly_21 won by checkmate"]

1. d4 d6 2. Nf3 g6 3. c4 Bg7 4. Nc3 Nf6 5. e4 O-O 6. Be2 e5 7. O-O Nbd7 8. Be3 Re8 9. d5 a5 10. Nd2 Nc5 11. a3 Bd7 12. b4 axb4 13. axb4 Rxa1 14.
Qxa1 Na6 15. Rb1 Ng4 16. Bxg4 Bxg4 17. f3 Bd7 18. c5 f5 19. c6 Bc8 20. b5 Nc5 21. b6 cxb6 22. Qa7 bxc6 23. Qxb6 cxd5 24.
Nxd5 Be6 25. Nc7 Re7 26. Bxc5 dxc5 27. Nxe6 Qxd2 28. Qb8+ Kf7 29. Nd8+ Kf8 30. Nc6+ Re8 31. Qa7 Qe3+ 32. Kh1 fxe4 33. fxe4 Qxe4 34. Rf1+ Kg8 35. Qb7 Kh8 36. h3 h5 37. Qd7 Rf8 38. Rxf8+ Bxf8 39.
Qe6 Bg7 40. Ne7 Qe1+ 41. Kh2 Qf2 42. Qg8# 1-0

[Event "Late-Titled-Tuesday-Blitz-June-04-2024"]
[Site "Chess.com"]
[Date "2024.06.04"]
[Round "9"]
[White "AndresDelgado77"]
[Black "yobdc"]
[Result "0-1"]
[WhiteElo "2361"]
[BlackElo "2539"]
[TimeControl "180+1"]
[EndTime "15:42:46 PDT"]
[Termination "yobdc won on time"]

1. e4 c5 2. Nf3 e6 3. c3 Nf6 4.
Bd3 d5 5. e5 Nfd7 6. Bc2 Nc6 7.
d4 cxd4 8. cxd4 b6 9. Ba4 Ndb8 10. O-O Bd7 11. Nc3 Na5 12. Bc2 Nbc6 13. Ng5 Be7 14. Nxh7 g6 15. Nf6+ Bxf6 16. exf6 Qxf6 17. Be3 Nc4 18. b3 Nxe3 19. fxe3 Qh4 20. h3 f5 21.
Qf3 g5 22. Qf2 Qh6 23. Qg3 Ne7 24. b4 Rc8 25. e4 dxe4 26. Bxe4 g4 27. Bb1 gxh3 28.
Rf3 hxg2 29. Qxg2 Rg8 30. Rg3 Kf7 0-1

[Event "Late-Titled-Tuesday-Blitz-June-04-2024"]
[Site "Chess.com"]
[Date "2024.06.04"]
[Round "9"]
[White "Love7Unicorn"]
[Black "Pelusiansky"]
[Result "1-0"]
[WhiteElo "2557"]
[BlackElo "2396"]
[TimeControl "180+1"]
[EndTime "15:42:47 PDT"]
[Termination "Love7Unicorn won by resignation"]

1. d4 e6 2. c4 d5 3. g3 a6 4. b3 Nf6 5. Bg2 Be7 6. Nf3 O-O 7.
O-O b6 8. cxd5 exd5 9. Nc3 Bb7 10. Bf4 Nbd7 11. Rc1 c5 12. Qd3 Ne4 13. Rfd1 Ndf6 14.
Ne5 Rc8 15. dxc5 Nxc3 16. Rxc3 bxc5 17. Rc2 Qb6 18. Bg5 h6 19. Bxf6 Bxf6 20. Nd7 c4 21.
bxc4 dxc4 22. Rxc4 Qa7 23. Nxf8 Rxf8 24. Rc7 Rb8 25. Qd7 Qa8 26. Bxb7 Qa7 27. Qxf7+ Kh8 28. Be4 Qxf2+ 29. Kxf2 1-0

[Event "Late-Titled-Tuesday-Blitz-June-04-2024"]
[Site "Chess.com"]
[Date "2024.06.04"]
[Round "9"]
[White "jucAxx"]
[Black "Alphafischer2019"]
[Result "1-0"]
[WhiteElo "2439"]
[BlackElo "2621"]
[TimeControl "180+1"]
[EndTime "15:42:48 PDT"]
[Termination "jucAxx won by resignation"]

1. e4 e6 2. Nf3 d5 3. e5 c5 4. b4 cxb4 5. a3 b3 6. cxb3 Nc6 7. d4 Nge7 8. Bd3 Nf5 9. Bxf5 exf5 10. O-O Be6 11.
Bg5 Qb6 12. Nc3 h6 13. Be3 Be7 14. Na4 Qd8 15. Nc5 b6 16. Nxe6 fxe6 17. Rc1 Rc8 18.
a4 Kf7 19. Nd2 Qd7 20. Qh5+ g6 21. Qh3 Bg5 22. Bxg5 hxg5 23. Qe3 Qe7 24. Nf3 g4 25.
Ng5+ Kg7 26. f4 Nb4 27. Rxc8 Rxc8 28. Rc1 Qd7 29. h4 Rc6 30. Rxc6 Qxc6 31. Qd2 a5 32. Kh2 Kf8 33. Qf2 Ke7 34. h5 gxh5 35. Qh4 Kd7 36. Qxh5 Kd8 37. Qf7 Qd7 38. Nxe6+ Kc8 39. Qxf5 Kb8 40. Qf8+ Ka7 41. Qg7 Qxg7 42. Nxg7 Nc6 43.
Ne6 Ka6 44. Kg3 b5 45. axb5+ Kxb5 46. Kxg4 Kb4 47. f5 Kxb3 48. f6 a4 49. f7 a3 50.
f8=Q a2 51. Qa8 Nb4 52. Nc5+ Kb2 53. Qb7 Kc3 54. Qa7 Kb2 55. Qb6 Kc3 56. Qa5 a1=Q 57. Qxa1+ 1-0

[Event "Late-Titled-Tuesday-Blitz-June-04-2024"]
[Site "Chess.com"]
[Date "2024.06.04"]
[Round "9"]
[White "King_Deded4d5"]
[Black "MuhittinBuker"]
[Result "0-1"]
[WhiteElo "2430"]
[BlackElo "2267"]
[TimeControl "180+1"]
[EndTime "15:42:48 PDT"]
[Termination "MuhittinBuker won on time"]

1. d4 Nf6 2. Nf3 e6 3. Bf4 d5 4.
e3 Bd6 5. Nbd2 O-O 6. h4 Bxf4 7.
exf4 c5 8. dxc5 Qc7 9. g3 Qxc5 10.
Bd3 Nc6 11. c3 b5 12. a3 a5 13. h5 h6 14. Qe2 Rb8 15. Nb3 Qb6 16. Ne5 Ne7 17. O-O Rd8 18. g4 b4 19. cxb4 axb4 20.
a4 Ne4 21. a5 Qa7 22. Qe3 Qa8 23. a6 Bd7 24. Nc5 Nxc5 25. Qxc5 Nc6 26. Rfc1 Nxe5 27.
fxe5 d4 28. a7 Rbc8 29. Qxd4 Bc6 30. Qe3 Bh1 31. Bf1 Bf3 32. Rxc8 Rxc8 33. Qf4 Rc7 34. Qg3 Bd5 35. Bg2 Rxa7 36. Rxa7 Qxa7 37. Bxd5 exd5 38.
Qb3 Qd4 39. Qa4 Qxg4+ 0-1

[Event "Late-Titled-Tuesday-Blitz-June-04-2024"]
[Site "Chess.com"]
[Date "2024.06.04"]
[Round "9"]
[White "EDaMatta"]
[Black "lluiss"]
[Result "1-0"]
[WhiteElo "2319"]
[BlackElo "2207"]
[TimeControl "180+1"]
[EndTime "15:42:50 PDT"]
[Termination "EDaMatta won on time"]

1. d4 Nf6 2. c4 g6 3. Nc3 d5 4.
Bf4 Bg7 5. e3 O-O 6. Rc1 c6 7. Nf3 Nbd7 8. h3 Ne4 9. cxd5 Nxc3 10.
bxc3 cxd5 11. Bd3 Nb6 12. O-O h6 13. Qb3 Be6 14. Ne5 Rc8 15. a4 Bxe5 16. Bxe5 Qd7 17. a5 Nc4 18. a6 b6 19. Qc2 Nxe5 20. dxe5 Kg7 21. f4 Bf5 22. e4 dxe4 23. Bxe4 Rfd8 24.
g4 Bxe4 25. Qxe4 Qd3 26. Qf3 Qxa6 27. f5 Rd3 28. Qf2 Qc4 29. f6+ exf6 30. Qxf6+ Kg8 31. Rf4 Rg3+ 32. Kh2 Rd3 33. Rxc4 Rxc4 34. e6 1-0

[Event "Late-Titled-Tuesday-Blitz-June-04-2024"]
[Site "Chess.com"]
[Date "2024.06.04"]
[Round "9"]
[White "Defenstrator"]
[Black "PawnEatingZombie"]
[Result "0-1"]
[WhiteElo "2361"]
[BlackElo "2284"]
[TimeControl "180+1"]
[EndTime "15:42:51 PDT"]
[Termination "PawnEatingZombie won by resignation"]

1. f4 c5 2. Nf3 Nc6 3. e4 g6 4. Bb5 Bg7 5. Bxc6 bxc6 6. O-O d6 7. c3 e6 8. d4 cxd4 9. cxd4 Ne7 10. Nc3 O-O 11.
Be3 Qa5 12. Rc1 Ba6 13. Re1 Rab8 14. Qd2 Rfe8 15. b3 Qa3 16. Nb1 Qb4 17. Qxb4 Rxb4 18.
Nbd2 Reb8 19. Bf2 Bc8 20. Rc2 a5 21. Rec1 Bd7 22. Nc4 d5 23. exd5 exd5 24. Nxa5 Ra8 25. Bh4 Nf5 26. Be1 Rb6 27. a4 Nxd4 28. Nxd4 Bxd4+ 29. Kh1 Be3 30. Bd2 Bxd2 31. Rxd2 Rxa5 32. Rc3 Ra8 33.
Rd4 Rab8 34. Rdd3 Bf5 35. Rg3 d4 36. Rc1 d3 37. Rd1 Rxb3 38. h3 h5 39. Rg5 Rb1 0-1

[Event "Late-Titled-Tuesday-Blitz-June-04-2024"]
[Site "Chess.com"]
[Date "2024.06.04"]
[Round "9"]
[White "ChempionBg"]
[Black "Roedor"]
[Result "0-1"]
[WhiteElo "2247"]
[BlackElo "2370"]
[TimeControl "180+1"]
[EndTime "15:42:53 PDT"]
[Termination "Roedor won on time"]

1. d4 Nf6 2. c4 c6 3. Nf3 d5 4. g3 g6 5. Bg2 Bg7 6. O-O O-O 7. cxd5 cxd5 8. Ne5 Nfd7 9. Bxd5 Nxe5 10. dxe5 Bxe5 11. Nc3 Nc6 12. Bh6 Bg7 13. Bxg7 Kxg7 14.
Rc1 Bh3 15. Bg2 Bxg2 16. Kxg2 Qa5 17. Qd5 Rfd8 18. Qxa5 Nxa5 19. Ne4 Rd4 20. Kf3 Nc6 21. Nc5 Rb4 22. b3 Rd8 23. Rfd1 Rbd4 24. Rxd4 Nxd4+ 25. Ke3 Nf5+ 26. Kf3 b6 27. Ne4 Rd7 28. e3 e6 29. Rc2 Ne7 30. Ke2 Nd5 31. a3 f5 32.
Nd2 Kf6 33. Nc4 g5 34. Rd2 Rc7 35. f4 g4 36. Ne5 Rc1 37. Nd7+ Ke7 38. Ne5 Nc3+ 39.
Kd3 Ne4 40. Rc2 Rd1+ 41. Ke2 Rh1 42. Kd3 Nc5+ 43. Kc3 Ne4+ 44. Kd3 Ra1 0-1

[Event "Late-Titled-Tuesday-Blitz-June-04-2024"]
[Site "Chess.com"]
[Date "2024.06.04"]
[Round "9"]
[White "Mikhail_Golubev"]
[Black "ManMish2"]
[Result "0-1"]
[WhiteElo "2513"]
[BlackElo "2651"]
[TimeControl "180+1"]
[EndTime "15:42:54 PDT"]
[Termination "ManMish2 won on time"]

1. e4 e5 2. Nf3 Nc6 3. Bc4 Nf6 4. d3 Bc5 5. c3 d6 6. Nbd2 a5 7. h3 O-O 8. Nf1 Bb6 9. a4 d5 10. exd5 Nxd5 11. Ng3 Nf4 12. O-O Qf6 13. Ne4 Qg6 14.
Bxf4 exf4 15. Kh2 Qh5 16. d4 Bf5 17. Bd3 Rfe8 18. Re1 Rad8 19. Qc2 Bxh3 20. gxh3 Qxf3 21. Ng5 Qh5 22. Bxh7+ Kh8 23. Qf5 Rf8 24. Rg1 Rd6 25.
Qxf4 Rf6 26. Qg3 Ne7 27. Bd3 Ng6 28. Nxf7+ R6xf7 29. Bxg6 Rxf2+ 30. Rg2 Rxg2+ 31. Qxg2 Qh6 0-1

[Event "Late-Titled-Tuesday-Blitz-June-04-2024"]
[Site "Chess.com"]
[Date "2024.06.04"]
[Round "9"]
[White "AustinThomas12345"]
[Black "chessdjw"]
[Result "0-1"]
[WhiteElo "2482"]
[BlackElo "2746"]
[TimeControl "180+1"]
[EndTime "15:42:54 PDT"]
[Termination "chessdjw won by checkmate"]

1. e4 e5 2. Nf3 Nc6 3. Bb5 a6 4. Bxc6 dxc6 5. O-O Bd6 6. d4 exd4 7. Qxd4 f6 8. Nc3 Ne7 9. Qc4 Ng6 10. Rd1 Qe7 11. Nd4 Ne5 12. Qe2 g6 13. Bh6 Ng4 14.
Qd2 Bxh2+ 15. Kh1 Bd6 16. Nf3 Nxh6 17. Qxh6 Bg4 18. Qe3 O-O 19. Rd3 Rae8 20. Re1 Qf7 21. Qh6 Qg7 22. Qh4 h5 23. e5 fxe5 24. Ne4 Rf4 25. Qg5 Rf5 26. Qh4 Ref8 27. Nxd6 cxd6 28. Rxd6 Bxf3 29. gxf3 Rxf3 30. Rg1 R3f6 31. Qc4+ Kh7 32. Qd3 Rxd6 33. Qxd6 Rxf2 34. Rg5 Qf7 35. Rg3 Rf1+ 36. Kh2 Qf2+ 37. Rg2 Qh4# 0-1

[Event "Late-Titled-Tuesday-Blitz-June-04-2024"]
[Site "Chess.com"]
[Date "2024.06.04"]
[Round "9"]
[White "GMthekingindian"]
[Black "talaicito"]
[Result "0-1"]
[WhiteElo "2343"]
[BlackElo "2212"]
[TimeControl "180+1"]
[EndTime "15:42:54 PDT"]
[Termination "talaicito won by resignation"]

1. e4 c5 2. c3 d5 3. exd5 Qxd5 4. d4 Nf6 5. Nf3 e6 6. Be2 Be7 7. O-O O-O 8. Be3 cxd4 9. Nxd4 e5 10. Nb5 Na6 11. c4 Qxd1 12. Rxd1 b6 13. N1c3 Bf5 14. Nd6 Bxd6 15. Rxd6 Rfd8 16. Rad1 Rxd6 17. Rxd6 Kf8 18. Bg5 Ke7 19. Nb5 Rb8 20. a3 Nc7 21. Bxf6+ gxf6 22. Rc6 Nxb5 23. cxb5 Rc8 24. g4 Rxc6 25. bxc6 Be4 26.
c7 Kd7 27. f3 Bd5 28. Kf2 Kxc7 29. Ke3 Kd6 30. b4 h6 31. f4 Be6 32. h3 Kd5 33. Kd3 e4+ 34. Ke3 f5 35. Bd1 fxg4 36. hxg4 f5 37. g5 hxg5 38. fxg5 Ke5 39. g6 f4+ 40.
Kf2 e3+ 41. Kf3 Bd5+ 42. Ke2 Kd4 43. Bc2 f3+ 44. Kf1 Bc4+ 45. Ke1 f2+ 0-1

[Event "Late-Titled-Tuesday-Blitz-June-04-2024"]
[Site "Chess.com"]
[Date "2024.06.04"]
[Round "9"]
[White "Polish_fighter3000"]
[Black "Kacparov"]
[Result "1-0"]
[WhiteElo "3077"]
[BlackElo "2921"]
[TimeControl "180+1"]
[EndTime "15:42:55 PDT"]
[Termination "Polish_fighter3000 won by resignation"]

1. c4 e5 2. Nc3 Nf6 3. Nf3 Nc6 4. e3 Bb4 5. Qc2 Bxc3 6. Qxc3 Qe7 7. d4 Ne4 8. Qd3 exd4 9. Nxd4 Qb4+ 10. Bd2 Qxd2+ 11. Qxd2 Nxd2 12. Kxd2 Nxd4 13. exd4 d6 14. Re1+ Kd8 15.
Bd3 h6 16. Re3 Re8 17. Rg3 g6 18. h4 c5 19. Rf3 f5 20. dxc5 dxc5 21. h5 g5 22.
Bxf5 Rf8 23. Be4 Rxf3 24. Bxf3 Be6 25. Re1 Bxc4 26. b3 Bf7 27. Bxb7 Rb8 28. Bf3 Rb4 29. Kc3 Rf4 30. Re5 g4 31. Re4 Rxe4 32. Bxe4 Kc7 33. Bg6 Bd5 34. g3 Be6 35. Kd3 Kd6 36. Ke4 a5 37.
Kf4 c4 38. bxc4 Bxc4 39. a3 Be2 40. Bf5 Kc5 41. Bxg4 1-0

[Event "Late-Titled-Tuesday-Blitz-June-04-2024"]
[Site "Chess.com"]
[Date "2024.06.04"]
[Round "9"]
[White "K_A_S_T_O_R"]
[Black "BabageldiAnnaberdiyev"]
[Result "1/2-1/2"]
[WhiteElo "2862"]
[BlackElo "2634"]
[TimeControl "180+1"]
[EndTime "15:42:56 PDT"]
[Termination "Game drawn by repetition"]

1. e4 e6 2. d4 d5 3. Nc3 Nf6 4. e5 Nfd7 5. Nce2 c5 6. f4 Nc6 7. c3 Qb6 8. a3 cxd4 9. cxd4 a5 10.
b3 Be7 11. Nf3 O-O 12. Nc3 f6 13. Na4 Qa7 14. Bb2 fxe5 15. fxe5 Nb6 16. Nxb6 Qxb6 17. Qd3 Bd7 18. Be2 Na7 19. a4 Bb4+ 20. Kf2 Nc6 21. Kg3 Be7 22. h4 h6 23. Rhf1 Nb4 24. Qd2 Rac8 25.
Rac1 Rxc1 26. Rxc1 Rc8 27. Rxc8+ Bxc8 28. Qc3 Bd7 29.
Kf2 Qd8 30. g3 Bc6 31. Qc1 Qe8 32. Qb1 b5 33. axb5 Bxb5 34. Qd1 Bxe2 35. Qxe2 Qg6 36. Bc3 Nd3+ 37. Ke3 Nb4 38. Bxb4 Bxb4 39. Qb5 Qxg3 40.
Qe8+ Kh7 41. Qxe6 Bd2+ 42. Kxd2 Qxf3 43. Qa6 Qf4+ 44. Kc3 Qe3+ 45. Qd3+ Qxd3+ 46. Kxd3 Kg6 47. Ke3 Kf5 48. Kf3 g6 49. Kg3 Ke6 50. Kf4 Ke7 51.
Kg4 Ke6 52. Kg3 Kf5 53. Kf3 Ke6 54. Kf4 Ke7 55. Kg4 Ke6 56. Kg3 Kf5 57. Kf3 Ke6 58.
Kg4 Ke7 59. Kg3 Ke6 60. Kf4 1/2-1/2

[Event "Late-Titled-Tuesday-Blitz-June-04-2024"]
[Site "Chess.com"]
[Date "2024.06.04"]
[Round "9"]
[White "Hirna2005"]
[Black "Der_Honigdachs"]
[Result "1/2-1/2"]
[WhiteElo "2333"]
[BlackElo "2511"]
[TimeControl "180+1"]
[EndTime "15:42:56 PDT"]
[Termination "Game drawn - insufficient material"]

1. e4 d5 2. d3 c5 3. exd5 Qxd5 4.
Nc3 Qd8 5. g3 Nf6 6. Bg2 Nc6 7.
Nge2 Bg4 8. O-O e6 9. Be3 Be7 10.
Qd2 O-O 11. f3 Bh5 12. Nf4 Bg6 13. Nxg6 hxg6 14. Rae1 Nd4 15. Ne2 Rc8 16. c3 Nc6 17. Rd1 Qa5 18. b3 Rfd8 19. d4 cxd4 20. cxd4 Nd5 21.
Bf2 Qxd2 22. Rxd2 Bg5 23. f4 Be7 24. Rc2 Ncb4 25. Rxc8 Rxc8 26. Rc1 Rd8 27. Be1 Nd3 28. Rd1 Nxe1 29. Rxe1 b6 30. Rc1 Bf6 31. Kf2 g5 32. Bxd5 Rxd5 33. Ke3 gxf4+ 34. gxf4 Rh5 35. Rc7 Rh3+ 36.
Kd2 a5 37. Rb7 Rxh2 38. Ke3 g5 39. Rxb6 gxf4+ 40. Nxf4 Rxa2 41. d5 exd5 42. Rxf6 Ra3 43. Rb6 a4 44. Nxd5 Rxb3+ 45. Rxb3 axb3 46. Kd3 Kg7 47. Kc3 Kg6 48. Kxb3 Kf5 49. Kc4 Ke5 50. Kc5 Ke4 51. Kc4 Ke5 52. Kc5 f5 53. Kc4 Ke4 54. Kc5 f4 55. Nxf4 1/2-1/2

[Event "Late-Titled-Tuesday-Blitz-June-04-2024"]
[Site "Chess.com"]
[Date "2024.06.04"]
[Round "9"]
[White "howitzer14"]
[Black "azzbrn"]
[Result "1-0"]
[WhiteElo "3023"]
[BlackElo "2507"]
[TimeControl "180+1"]
[EndTime "15:42:57 PDT"]
[Termination "howitzer14 won on time"]

1. d4 Nf6 2. Bf4 c5 3. d5 g6 4. Nc3 Bg7 5. e4 d6 6. h3 O-O 7. Nf3 b5 8. Bxb5 Nxe4 9. O-O Bxc3 10. bxc3 Nxc3 11. Qd3 Nxb5 12. Qxb5 Ba6 13. Qb2 Bxf1 14. Bh6 f6 15. Bxf8 Bxg2 16. Bxe7 Qxe7 17. Re1 Qf7 18.
Kxg2 Nd7 19. Qb7 Re8 20. Rxe8+ Qxe8 21. Qxa7 g5 22. a4 h5 23. Qc7 g4 24. hxg4 hxg4 25. Nd2 g3 26. Qxd6 gxf2 27. Qe6+ Qxe6 28. dxe6 Nb8 29.
Ne4 Na6 30. Nxf6+ Kf8 31. Nd5 c4 32. Kxf2 Nc5 33. e7+ Kf7 34. a5 Na6 35. Ke3 Nb8 36. c3 1-0

[Event "Late-Titled-Tuesday-Blitz-June-04-2024"]
[Site "Chess.com"]
[Date "2024.06.04"]
[Round "9"]
[White "arnoldpetra"]
[Black "MarceloPlaya"]
[Result "0-1"]
[WhiteElo "2480"]
[BlackElo "2376"]
[TimeControl "180+1"]
[EndTime "15:42:59 PDT"]
[Termination "MarceloPlaya won on time"]

1. d4 e6 2. c3 Nf6 3. Nf3 d5 4. Bf4 Bd6 5. Bg3 O-O 6. Nbd2 Ne4 7. Nxe4 dxe4 8. Bxd6 cxd6 9. Nd2 d5 10. e3 Nc6 11. f3 e5 12. fxe4 exd4 13. cxd4 dxe4 14. Be2 Qg5 15. Kf2 Nxd4 16. Nxe4 Qh4+ 17. Ng3 Nxe2 18. Qxe2 Bg4 19. Qe1 Qf6+ 20. Kg1 Qxb2 21. h3 Be6 22.
Kh2 Bd5 23. Qe2 Qe5 24. Rhf1 Rfe8 25. Rf5 Qe6 26. Raf1 Re7 27. Qg4 g6 28. Nh5 Qd6+ 29. R1f4 Kh8 30. Rf6 Qd7 31. Qxd7 Rxd7 32. Ng3 Be6 0-1